Map: Abyssal Reef LE

Players

Gizo

  • Race: Zerg Zerg
  • League: Diamond
  • Spawn Location: 5:00

Gelada - Winner!

  • Race: Zerg Zerg
  • League: Gold
  • Spawn Location: 11:00

VOD

Have the link to the VOD?

Description

Time

  • Played on: Dec. 2, 2017, 1:59 p.m.
  • Length: 13:31
Show
View Real Time Build Order
Export as new Build Order

Gizo Zerg 

Build Orders: Pool First 

Get SALT Encoding   

  12  0:07  Overlord  
  12  0:13  Drone  
  13  0:18  Drone  
  14  0:26  Drone  
  15  0:30  Drone  
  16  0:44  Spawning Pool  
  16  0:46  Drone  
  16  0:50  Extractor  
  16  0:54  Drone  
  16  1:03  Drone  
  17  1:14  Drone  
  18  1:31  Queen  
  20  1:33  Overlord  
  20  1:37  Zergling x2  
  21  1:45  Zergling x2  
  22  2:01  Hatchery, Metabolic Boost  
  21  2:08  Drone  
  21  2:09  Drone  
  23  2:16  Queen  
  25  2:27  Zergling x2  
  25  2:44  Zergling x2  
  25  2:45  Zergling x8  
  29  2:52  Baneling Nest  
  28  3:23  Zergling x2  
  28  3:24  Zergling x10  
  34  3:33  Lair  
  34  3:45  Overlord x3  
  34  3:46  Overlord  
  34  3:51  Drone  
  34  3:52  Drone  
  36  4:16  Drone  
  37  4:17  Drone x6  
  37  4:20  Baneling x2  
  40  5:05  Zergling x10  
  40  5:06  Zergling x8  
  49  5:08  Drone  
  49  5:09  Drone  
  49  5:13  Centrifical Hooks  
  51  5:20  Queen  
  53  5:26  Baneling x2  
  53  5:27  Baneling x5  
  53  5:29  Drone  
  53  5:30  Drone  
  53  5:32  Hatchery  
  54  5:44  Zergling x12  
  54  5:45  Zergling x2  
  51  6:06  Zergling x2  
  51  6:07  Zergling x18  
  53  6:38  Roach Warren  
  52  6:44  Extractor  
  51  6:47  Baneling x4  
  51  6:49  Drone x2  
  51  6:50  Drone x10  
  51  6:52  Extractor  
  51  6:53  Extractor  
  51  6:54  Queen  
  61  7:00  Zergling x2  
  64  7:06  Baneling x4  
  64  7:24  Drone  
  64  7:25  Drone x2  
  64  7:29  Roach x4  
  62  7:52  Roach  
  62  7:53  Roach x4  
  62  7:54  Overlord  
  62  7:55  Overlord x5  
  72  8:17  Roach  
  72  8:18  Roach x6  
  86  8:22  Overseer x2  
  86  8:28  Glial Reconstitution  
  86  8:37  Drone x7  
  93  8:42  Pneumatized Carapace  
  93  8:49  Baneling x2  
  93  9:00  Roach  
  93  9:01  Roach x6  
  107  9:04  Ravager x2  
  107  9:06  Ravager  
  110  9:24  Roach  
  110  9:25  Roach x4  
  120  9:33  Overlord x4  
  120  9:34  Overlord  
  120  9:35  Overseer x2  
  120  9:51  Roach x3  
  120  9:52  Roach x3  
  138  9:53  Roach x3  
  138  10:01  Evolution Chamber x2  
  138  10:04  Evolution Chamber  
  135  10:13  Infestation Pit  
  134  10:18  Extractor  
  134  10:19  Extractor, Zergling x2  
  134  10:20  Zergling x18  
  142  10:32  Baneling  
  142  10:33  Baneling x3  
  142  11:00  Hydralisk Den  
  140  11:07  Drone  
  140  11:08  Drone x5  
  140  11:09  Overlord x5  
  145  11:20  Overlord x5  
  145  11:29  Drone  
  145  11:30  Drone x3  
  149  11:37  Zerg Missile Weapons Level 1  
  143  11:54  Hydralisk x8  
  116  12:09  Hydralisk x2  
  116  12:10  Hydralisk x2  
  111  12:29  Hydralisk x2  
  103  12:30  Hydralisk x4  
  87  12:52  Hydralisk x6  
  85  13:06  Ravager x7  
  85  13:07  Ravager x3  
Show
View Real Time Build Order
Export as new Build Order

Gelada Zerg - Winner!

Build Orders: Hatch First 

Get SALT Encoding   

  12  0:00  Drone  
  13  0:12  Overlord  
  13  0:17  Drone  
  14  0:30  Drone x2  
  14  0:35  Drone  
  17  0:55  Hatchery, Drone  
  17  0:58  Extractor  
  16  1:13  Spawning Pool  
  16  1:15  Drone  
  16  1:25  Drone x2  
  18  1:33  Drone  
  19  1:51  Overlord  
  19  2:00  Zergling x4  
  21  2:02  Metabolic Boost  
  21  2:06  Queen  
  23  2:08  Drone  
  23  2:15  Zergling x2  
  25  2:19  Drone  
  26  2:24  Zergling x2  
  26  2:29  Roach Warren, Drone  
  25  2:49  Zergling x4  
  25  2:51  Drone x2  
  29  2:55  Drone  
  30  3:08  Overlord  
  30  3:14  Hatchery  
  30  3:15  Overlord  
  29  3:28  Roach x3  
  29  3:33  Drone x2  
  37  3:35  Drone  
  38  3:42  Drone  
  38  3:44  Drone  
  40  3:48  Zergling x2  
  40  3:50  Drone  
  42  4:03  Drone  
  42  4:04  Extractor  
  42  4:05  Drone  
  43  4:19  Evolution Chamber, Overlord  
  43  4:20  Overlord  
  43  4:21  Evolution Chamber, Overlord  
  43  4:22  Overlord  
  41  4:34  Drone  
  41  4:35  Queen  
  41  4:36  Drone  
  45  4:39  Roach  
  46  4:57  Drone x2  
  46  4:59  Zerg Melee Weapons Level 1, Zerg Missile Weapons Level 1  
  48  5:00  Roach  
  48  5:01  Roach x2  
  48  5:04  Roach x2  
  58  5:17  Zergling x2  
  58  5:19  Roach x2  
  58  5:20  Lair  
  63  5:31  Drone  
  64  5:38  Roach x2  
  64  5:39  Zergling x2  
  64  5:59  Zergling x4  
  64  6:01  Drone x3  
  69  6:07  Roach  
  58  6:18  Zergling x2  
  58  6:24  Zergling x10  
  58  6:27  Drone  
  59  6:36  Ravager x2  
  62  6:40  Drone  
  62  6:48  Spire, Hydralisk Den  
  62  6:49  Drone  
  62  6:50  Drone x4  
  65  6:58  Drone  
  66  7:14  Drone x3  
  66  7:15  Extractor x2, Drone  
  68  7:18  Hydralisk x2  
  52  7:46  Zergling x2  
  52  7:47  Zergling x8  
  52  7:48  Hydralisk x3  
  63  7:56  Zergling x2  
  64  7:59  Overseer  
  64  8:02  Extractor  
  64  8:03  Hatchery  
  62  8:06  Extractor  
  62  8:07  Hydralisk  
  63  8:16  Hydralisk x2  
  67  8:21  Zerg Missile Weapons Level 2  
  67  8:23  Zergling x4  
  67  8:24  Zergling x4  
  71  8:42  Zergling x6  
  71  8:48  Muscular Augments  
  74  8:52  Zerg Melee Weapons Level 2  
  74  8:53  Zergling x4  
  74  8:55  Overlord x2  
  76  8:57  Overlord  
  76  9:10  Overlord  
  76  9:11  Overlord x3  
  76  9:21  Hydralisk x2  
  76  9:22  Hydralisk  
  82  9:29  Mutalisk  
  82  9:30  Mutalisk  
  86  9:32  Mutalisk x2  
  86  9:38  Drone  
  91  9:39  Mutalisk  
  93  9:46  Zergling x6  
  93  9:50  Drone  
  93  9:51  Mutalisk  
  93  9:52  Mutalisk  
  101  10:05  Mutalisk  
  103  10:09  Drone x2  
  103  10:11  Mutalisk x2  
  103  10:13  Zergling x4  
  103  10:14  Zergling x2  
  112  10:16  Glial Reconstitution  
  112  10:22  Mutalisk  
  114  10:34  Mutalisk  
  114  10:35  Mutalisk  
  116  10:40  Drone x2  
  120  10:47  Zerg Flyer Weapons Level 1  
  108  11:06  Mutalisk x3  
  108  11:07  Mutalisk  
  110  11:14  Zerg Ground Armor Level 1  
  110  11:18  Zergling x4  
  111  11:19  Zergling x8  
  111  11:20  Drone x2  
  111  11:21  Drone  
  111  11:22  Overlord  
  119  11:45  Mutalisk x2  
  119  11:46  Mutalisk  
  119  11:47  Mutalisk x2  
  129  12:01  Mutalisk x2  
  118  12:06  Zergling x10  
  118  12:07  Zergling x6  
  110  12:16  Zergling x4  
  104  12:34  Mutalisk x2  
  104  12:35  Zergling x4  
  104  12:36  Zergling x2  
  109  12:37  Zergling x4  
  105  12:49  Mutalisk x3  
  110  12:52  Zergling x4  
Tags
 
Add a new tag
Caveats
  • Supply blocks, unpowered buildings, or Contaminate may cause inaccurate times.
  • Supply counts are checked every 10 seconds.